 Dungeon Crawl Stone Soup version 0.32-a0-585-gef4fe23122 (webtiles) character file.

Game seed: 12662253116660569539

429 sinusoid the Thrower (level 6, 44/44 HPs)
             Began as a Gnoll Wanderer on Apr 3, 2023.
             Quit the game on level 5 of the Dungeon on Mar 2, 2024.
             The game lasted 00:26:42 (2928 turns).

sinusoid the Thrower (Gnoll Wanderer)               Turns: 2928, Time: 00:26:42

Health: 44/44      AC: 10    Str: 13    XL:     6   Next: 98%
Magic:  9/9        EV: 12    Int: 12    God:
Gold:   73         SH:  0    Dex: 14    Spells: 9/9 levels left

rFire   . . .        H - +9 falchion of Ynamaen {protect, rPois Dex+3 SInv}
rCold   . . .        (no shield)
rNeg    . . .        f - +0 leather armour
rPois   +            (no helmet)
rElec   .            (no cloak)
rCorr   .            (no gloves)
SInv    +            (no boots)
Will    .....        (no amulet)
Stlth   ++           (no ring)
HPRegen 0.27/turn    (no ring)
MPRegen 0.11/turn

%: no passive effects
@: under a protective aura
A: fangs 1, strong nose, distributed training
a: no special abilities


You were on level 5 of the Dungeon.
You visited 1 branch of the dungeon, and saw 5 of its levels.

You collected 213 gold pieces.
You spent 140 gold pieces at shops.

Inventory:

Hand Weapons
 a - a +2 mace
 b - a +0 sling
 d - a +0 dagger
 q - a +0 flail
 r - a +2 dagger of speed
 H - the +9 falchion of Ynamaen (weapon) {protect, rPois Dex+3 SInv}
   (You found it on level 5 of the Dungeon)

   Dex+3:     It affects your dexterity (+3).
   rPois:     It protects you from poison.
   SInv:      It lets you see invisible.
Missiles
 c - 6 boomerangs
 p - 4 curare-tipped darts
 t - 3 throwing nets
 A - 5 poisoned darts
 D - 4 javelins (quivered)
Armour
 f - a +0 leather armour (worn)
Jewellery
 x - a +6 ring of dexterity
 F - an amulet of regeneration
Wands
 C - a wand of mindburst (8)
Scrolls
 e - 2 scrolls of teleportation
 i - a scroll of identify
 j - 3 scrolls of fog
 l - a scroll of enchant weapon {unknown}
 m - 4 scrolls of vulnerability
 n - 2 scrolls of blinking
 s - 4 scrolls of silence
 u - 2 scrolls of noise
 y - a scroll of immolation {unknown}
Potions
 g - a potion of curing {unknown}
 h - 2 potions of resistance
 k - 2 potions of cancellation
 o - a potion of invisibility {unknown}
 v - a potion of enlightenment {unknown}
 w - a potion of berserk rage {unknown}
 z - a potion of lignification {unknown}
 B - a potion of degeneration
 E - 2 potions of attraction {unknown}
 G - a potion of heal wounds {unknown}


   Skills:
 + Level 2.2 Fighting
 + Level 2.2 Short Blades
 + Level 2.2 Long Blades
 + Level 2.2 Axes
 + Level 8.8 Maces & Flails
 + Level 2.2 Polearms
 + Level 2.2 Staves
 + Level 3.4 Ranged Weapons
 + Level 8.8 Throwing
 + Level 2.2 Armour
 + Level 2.2 Dodging
 + Level 3.3 Stealth
 + Level 2.2 Shields
 + Level 2.2 Unarmed Combat
 + Level 2.2 Spellcasting
 + Level 1.8 Conjurations
 + Level 1.8 Hexes
 + Level 1.8 Summonings
 + Level 1.8 Necromancy
 + Level 1.8 Translocations
 + Level 1.8 Fire Magic
 + Level 1.8 Ice Magic
 + Level 1.8 Air Magic
 + Level 1.8 Earth Magic
 + Level 1.8 Alchemy
 + Level 2.5 Invocations
 + Level 2.2 Evocations
 + Level 2.0 Shapeshifting


You had 9 spell levels left.
You didn't know any spells.
Your spell library contained the following spells:

 Spells                   Type           Power      Damage    Failure   Level
 Fugue of the Fallen      Necr           5%         N/A       43%         3
 Inner Flame              Hex/Fire       5%         N/A       43%         3
 Cause Fear               Hex            2%         N/A       83%         4
 Discord                  Hex            2%         N/A       100%        8


Dungeon Overview and Level Annotations

Branches:
Dungeon (5/15)
 Temple: D:4-7

Altars:

Shops:
D:4 ?(=?[   D:5 ?(=


Innate Abilities, Weirdness & Mutations

You have very sharp teeth.
Your uncanny sense of smell can sniff out nearby items.
Your experience applies equally to all skills.


Message History

Your movement speed is average.
Your attack delay is about 1.1.
Your damage rating with the +9 falchion of Ynamaen {protect, rPois Dex+3 SInv} is about 18 (Base 8 x 110% (Dex) x 107% (Skill) + 9 (Ench)).
Your base attributes are Str 13, Int 12, Dex 11.
Found a robe.
Found an escape hatch in the floor.
Found 4 stones.
A quokka comes into view.
Found 13 gold pieces.
Found 39 gold pieces.
Found a scroll of identify and 21 gold pieces.
Found Casho's Weapon Shop.
Found 20 gold pieces and a scale mail.
Found Yrheomeps's Jewellery Boutique.
The quokka bites you.
You slash the quokka!
Your weapon exudes an aura of protection.
You kill the quokka!
You now have 73 gold pieces (gained 13).
A hound comes into view.
Found a scroll of teleportation.
The hound barks!
You slash the hound!
Your weapon exudes an aura of protection.
You bite the hound, but do no damage.
The hound is severely wounded.
The hound barely misses you. The hound closely misses you.
You slash the hound!
You kill the hound!
Save game and exit?
Okay, then.
Save game and exit?
Welcome back, sinusoid the Gnoll Wanderer.
Press ? for a list of commands and other information.
You swing at nothing.
Saving game... please wait.
Your Transmutations skill gained 2 levels and is now at level 3!
Your Shapeshifting skill increases to level 2!
Welcome back, sinusoid the Gnoll Wanderer.
Press ? for a list of commands and other information.
Okay, then.
Are you sure you want to abandon this character and quit the game? (Confirm with "yes".)

#........>............
#..####.........?.....
#..# #...............
#..# #..............
##.# ##.##........∩..
##.###..###......##
##....#.## #......##
#.......#
##....$$$##.#
##......#
#....@$∩$...#
##.....(##....†$$$....
#.................##.
##......#####.[...#
##.....# #......#
#.....# ...?....#
##...## .........
######...


There were no monsters in sight!

Vanquished Creatures
  2 ogres
  The ghost of Sedotto the Covered, a weakling BaFi (D:3)
  A jelly (D:5)
  A hound (D:5)
  3 gnolls (D:3)
  3 adders
  A ribbon worm (D:2)
  2 dart slugs
  7 ball pythons
  14 bats
  11 endoplasms
  2 giant cockroaches
  5 goblins
  6 hobgoblins
  4 jackals (D:5)
  9 kobolds
  7 quokkas
  3 frilled lizards
  4 rats
86 creatures vanquished.

Notes
Turn   | Place    | Note
-------+----------+-------------------------------------------
     0 | D:1      | sinusoid the Gnoll Wanderer began the quest for the Orb.
     0 | D:1      | sinusoid set off with the following items: a +2 mace, a +0
                  | sling, 8 boomerangs, a +0 dagger, a scroll of
                  | teleportation, a +0 leather armour.
     0 | D:1      | Reached XP level 1. HP: 13/13 MP: 1/1
    77 | D:1      | Reached XP level 2. HP: 15/19 MP: 2/2
   315 | D:1      | Reached XP level 3. HP: 25/25 MP: 3/3
   418 | D:1      | Reached skill level 1 in Invocations
   574 | D:2      | Noticed an ogre
   671 | D:2      | Reached skill level 1 in Fighting
   671 | D:2      | Reached skill level 1 in Short Blades
   671 | D:2      | Reached skill level 1 in Long Blades
   671 | D:2      | Reached skill level 1 in Axes
   671 | D:2      | Reached skill level 1 in Polearms
   671 | D:2      | Reached skill level 1 in Staves
   671 | D:2      | Reached skill level 1 in Armour
   671 | D:2      | Reached skill level 1 in Dodging
   671 | D:2      | Reached skill level 1 in Shields
   671 | D:2      | Reached skill level 1 in Unarmed Combat
   671 | D:2      | Reached skill level 1 in Spellcasting
   671 | D:2      | Reached skill level 1 in Evocations
   788 | D:2      | Reached XP level 4. HP: 30/32 MP: 5/5
  1387 | D:3      | Found a runed translucent door.
  1410 | D:3      | Reached skill level 1 in Conjurations
  1410 | D:3      | Reached skill level 1 in Hexes
  1410 | D:3      | Reached skill level 1 in Summonings
  1410 | D:3      | Reached skill level 1 in Necromancy
  1410 | D:3      | Reached skill level 1 in Translocations
  1410 | D:3      | Reached skill level 1 in Transmutations
  1410 | D:3      | Reached skill level 1 in Fire Magic
  1410 | D:3      | Reached skill level 1 in Ice Magic
  1410 | D:3      | Reached skill level 1 in Air Magic
  1410 | D:3      | Reached skill level 1 in Earth Magic
  1410 | D:3      | Reached skill level 1 in Alchemy
  1414 | D:3      | Noticed Sedotto's ghost (weakling BaFi)
  1428 | D:3      | Killed Sedotto's ghost
  1429 | D:3      | Reached XP level 5. HP: 2/37 MP: 5/7
  1601 | D:3      | Noticed an ogre
  1607 | D:3      | Killed an ogre
  1680 | D:3      | Reached XP level 6. HP: 44/44 MP: 8/8
  2048 | D:4      | Found Beestriel's Armour Shoppe.
  2089 | D:4      | Found Kitug's Magic Scroll Emporium.
  2097 | D:4      | Bought a scroll of identify for 20 gold pieces
  2097 | D:4      | Bought a scroll of identify for 20 gold pieces
  2097 | D:4      | Bought a scroll of noise for 10 gold pieces
  2163 | D:4      | Found Kuwen's Antique Weapon Shop.
  2231 | D:4      | Found Oback's Jewellery Shoppe.
  2494 | D:4      | Found Cexesu's Magic Scroll Shoppe.
  2506 | D:4      | Bought a scroll of blinking for 90 gold pieces
  2790 | D:5      | Entered Level 5 of the Dungeon
  2840 | D:5      | Found Laurugytz's Magic Scroll Emporium.
  2881 | D:5      | Identified the +9 falchion of Ynamaen {protect, rPois Dex+3
                  | SInv}
  2916 | D:5      | Found Casho's Weapon Shop.
  2918 | D:5      | Found Yrheomeps's Jewellery Boutique.
  2927 | D:5      | Upgraded the game from 0.30-a0-989-g0d87f670db to
                  | 0.30-a0-1014-g3371b13838
  2928 | D:5      | Upgraded the game from 0.30-a0-1014-g3371b13838 to
                  | 0.32-a0-585-gef4fe23122
  2928 | D:5      | Quit the game

Illustrated notes

Levels and vault maps discovered:
D:1:      dpeg_arrival_stone_temple_mockup, layout_rooms,
          kennysheep_another_room, minmay_pentomino_p4
D:2:      layout_loops_ring
D:3:      layout_rooms, ebering_ghost_reflecting_pool,
          chequers_serial_rivers_room_a
D:4:      layout_loops_ring, serial_shops, nicolae_shop_window_shopping,
          nicolae_shop_behind_doors, nicolae_shop_stone, nicolae_square_shop,
          nicolae_stop_n_shop_2, abandoned_shop
D:5:      layout_layer_cave, minmay_temple_entry_purple_smoke, serial_shops,
          shop, shop_coins, nicolae_shop_hallway_stairs,
          uniq_crazy_yiuf_cottage, uniq_sigmund

Skill      XL: |  1  2  3  4  5  6 |
---------------+-------------------+-----
Invocations    | 1 2 |  2.5
Fighting       | 1 2 |  2.2
Short Blades   | 1 2 |  2.2
Long Blades    | 1 2 |  2.2
Axes           | 1 2 |  2.2
Polearms       | 1 2 |  2.2
Staves         | 1 2 |  2.2
Armour         | 1 2 |  2.2
Dodging        | 1 2 |  2.2
Shields        | 1 2 |  2.2
Unarmed Combat | 1 2 |  2.2
Spellcasting   | 1 2 |  2.2
Evocations     | 1 2 |  2.2
Conjurations   | 1 |  1.8
Hexes          | 1 |  1.8
Summonings     | 1 |  1.8
Necromancy     | 1 |  1.8
Translocations | 1 |  1.8
Transmutations | 1 3 |  0.0
Fire Magic     | 1 |  1.8
Ice Magic      | 1 |  1.8
Air Magic      | 1 |  1.8
Earth Magic    | 1 |  1.8
Alchemy        | 1 |  1.8
Ranged Weapons | 3 |  3.4
Stealth        | 3 |  3.3
Shapeshifting  | 2 |  2.0
Maces & Flails | |  8.8
Throwing       | |  8.8

Action                     |  1- 3 |  4- 6 || total
---------------------------+-------+-------++-------
  Melee: Mace              |    66 |    39 ||   105
         Bite              |     3 |     6 ||     9
         Punch             |     1 |     1 ||     2
         Dagger            |       |    13 ||    13
         Falchion          |       |     3 ||     3
   Fire: Sling             |    13 |       ||    13
  Throw: Boomerang         |     9 |    42 ||    51
         Dart              |       |     4 ||     4
         Javelin           |       |     2 ||     2
    Use: Scroll            |       |     6 ||     6
   Stab: Sleeping          |     4 |     3 ||     7
 Armour: Leather armour    |    32 |    12 ||    44
  Dodge: Dodged            |    65 |    28 ||    93

Table legend: (Time is in decaauts)
 A = Elapsed time spent in this place.
 B = Non-inter-level travel time spent in this place.
 C = Inter-level travel time spent in this place.
 D = Time resting spent in this place.
 E = Time spent auto-exploring this place.
 F = Levels seen in this place.
 G = Mean time per level.
                   A        B        C        D        E       F      G
               +--------+--------+--------+--------+--------+-----+--------+
         Total |   2910 |   2737 |    173 |    129 |   1826 |   5 |  582.0 |
       Dungeon |   2910 |   2737 |    173 |    129 |   1826 |   5 |  582.0 |
               +--------+--------+--------+--------+--------+-----+--------+

Top non-repeatable levels by time:
     D:2: 786 daAuts
     D:4: 739 daAuts
     D:3: 695 daAuts
     D:1: 550 daAuts
     D:5: 138 daAuts
